 Dungeon Crawl Stone Soup version 0.26.1-11-gd32895ea62 (webtiles) character file.

Game seed: 3908036893338459577

5504 firekoala the Grappler (level 10, -7/88 HPs)
             Began as a Ghoul Fighter on Aug 8, 2021.
             Was a Follower of Ru.
             Mangled by a boulder beetle (28 damage)
             ... on level 8 of the Dungeon.
             The game lasted 00:07:18 (8315 turns).

firekoala the Grappler (Ghoul Fighter)              Turns: 8315, Time: 00:07:19

Health: -7/88      AC:  9    Str: 28    XL:     10   Next: 70%
Magic:  9/9        EV:  7    Int:  3    God:    Ru [*.....]
Gold:   418        SH:  9    Dex:  8    Spells: 9/9 levels left

rFire    . . .     SeeInvis .     - Unarmed
rCold    + . .     Faith    +   b - +0 kite shield
rNeg     + + +     Spirit   .   G - +1 scale mail of Wobb {Str+4 Stlth+}
rPois    ∞         Reflect  .   (no helmet)
rElec    .         Harm     .   (no cloak)
rCorr    .         Rampage  .   (no gloves)
Will     .....                  w - +1 pair of boots
Stlth    +.........             d - amulet of faith
HPRegen  0.00/turn              (no ring)
MPRegen  0.11/turn              (no ring)

@: mighty, about to teleport
A: claws 1, cold resistance 1, negative energy resistance 3, inhibited
regeneration, torment resistance, unbreathing, no conjurations magic, no fire
magic, no transmutations magic
a: Renounce Religion


You were on level 8 of the Dungeon.
You worshipped Ru.
Ru was aware of your devotion.
You visited 2 branches of the dungeon, and saw 9 of its levels.
You also visited: Bailey.

You collected 418 gold pieces.

Inventory:

Missiles
 s - 4 throwing nets (quivered)
Armour
 b - a +0 kite shield (worn)
 w - a +1 pair of boots (worn)
 G - the +1 scale mail of Wobb (worn) {Str+4 Stlth+}
   (You found it on level 6 of the Dungeon)

   It affects your strength (+4).
   It makes you more stealthy.
Jewellery
 d - an amulet of faith (around neck)
 y - an uncursed amulet of regeneration
 A - an uncursed amulet of reflection
 B - an uncursed ring of flight
Wands
 a - a wand of paralysis (6)
 n - a wand of digging (5)
Scrolls
 e - 8 scrolls of remove curse {unknown}
 g - a scroll of fog
 h - 4 scrolls of enchant weapon
 j - 2 scrolls of identify
 m - 3 scrolls of noise {unknown}
 t - a scroll of random uselessness {unknown}
 u - a scroll of amnesia {unknown}
 v - 2 scrolls of enchant armour {unknown}
 C - 2 scrolls of fear {unknown}
Potions
 c - 2 potions of might
 f - a potion of curing {unknown}
 k - 3 potions of attraction {unknown}
 l - 6 potions of flight {unknown}
 o - 2 potions of heal wounds {unknown}
 p - 2 potions of lignification {unknown}
 q - a potion of haste {unknown}
 r - a potion of ambrosia {unknown}
 x - a potion of berserk rage {unknown}
 z - 3 potions of magic {unknown}
 D - a potion of cancellation {unknown}
 E - a potion of resistance {unknown}
 F - 2 potions of brilliance {unknown}


   Skills:
 + Level 7.8 Fighting
 - Level 2.6 Armour
 - Level 2.6 Shields
 * Level 14.9 Unarmed Combat


You had 9 spell levels left.
You didn't know any spells.
Your spell library contained the following spells:

 Spells                   Type           Power        Failure   Level
 Freeze                   Ice            0%           100%        1
 Sandblast                Erth           0%           100%        1
 Frozen Ramparts          Ice            0%           100%        3
 Ozocubu's Armour         Ice            0%           100%        3
 Summon Ice Beast         Ice/Summ       0%           100%        4
 Lee's Rapid Deconstruct  Erth           0%           100%        5
 Passwall                 Tmut/Erth      Unusable     N/A         2
 Stone Arrow              Conj/Erth      Unusable     N/A         3
 Hailstorm                Conj/Ice       Unusable     N/A         4
 Petrify                  Tmut/Erth      Unusable     N/A         4

Dungeon Overview and Level Annotations

Branches:
Dungeon (8/15)             Temple (1/1) D:7          Bailey (visited)
   Lair: D:8-11

Altars:
Ashenzari
Cheibriados
Dithmenos
Elyvilon
Fedhas
Gozag
Hepliaklqana
Kikubaaqudgha
Makhleb
Okawaru
Qazlal
Ru
Sif Muna
Trog
Uskayaw
Vehumet
Wu Jian
Xom
Yredelemnul
The Shining One


Innate Abilities, Weirdness & Mutations

You thrive by killing the living.
You are immune to poison.
You have sharp fingernails.
Your flesh is cold resistant. (rC+)
You are immune to negative energy. (rN+++)
You do not regenerate when monsters are visible.
You are immune to unholy pain and torment.
You can survive without breathing.
You cannot study or cast Conjurations magic.
You cannot study or cast Fire magic.
You cannot study or cast Transmutations magic.


Message History

You are too injured to fight recklessly!
You are too injured to fight recklessly!
You are too injured to fight recklessly!
You are too injured to fight recklessly!
You are too injured to fight recklessly!
You are too injured to fight recklessly!
You are too injured to fight recklessly!
You are too injured to fight recklessly!
You are too injured to fight recklessly!
You are too injured to fight recklessly!
You are too injured to fight recklessly!
You are too injured to fight recklessly!
You are too injured to fight recklessly!
You are too injured to fight recklessly!
You are too injured to fight recklessly!
You are too injured to fight recklessly!
Okay, then.
As you read the scroll of teleportation, it crumbles to dust.
You feel strangely unstable. The boulder beetle bites you!!
You die...

.#.#.#.#.#)#÷#.#.#.#.#.###......
.#.#.# #.#.#.#.#.#.#.## #......
#.#.# #.#)##.####.#.#.# #......
.# #.#.#.#...#.#.#.## #######
#.#.# ##.#.##.#.#.#########
#.#.# #...#.#.#.##........ #.#.#
#.#.##.#.#.......... .#.#
#...#.#.#.##........ #.#
#.#@##.#.#[#.(...... .#
#KB.#.#.#.##........
#.####.#.#.#........
#.○.#.#.#.#...######
#°#?##.#.#'.........
#K°.#.#.#.#...######
'.#○##.#.#'.........
.#...#+#.#.#....#####
..#.#.#..#.#+....#####


You could see a boulder beetle and a big kobold.

Vanquished Creatures
  Harold (D:8)
  2 two-headed ogres (D:8)
  Pikel (D:4)
  An ice beast (D:6)
  2 orc warriors
  A sky beast (D:7)
  2 black bears
  2 ogres
  2 phantoms
  A centaur (D:5)
  4 bullfrogs
  6 killer bees (D:7)
  4 wights (D:8)
  2 howler monkeys
  2 bullfrog zombies
  6 hounds
  3 bullfrog skeletons
  4 orc priests
  A quasit (D:7)
  2 jellies
  5 orc wizards
  A gnoll shaman (D:3)
  Natasha (D:2)
  3 iguanas
  5 worker ants
  A hound zombie (D:3)
  3 hound skeletons
  Robin (D:3)
  9 gnolls
  2 worker ant zombies
  10 adders
  An ooze (D:2)
  An adder zombie (D:5)
  An adder skeleton (D:8)
  2 worms
  9 leopard geckos
  17 orcs
  2 ball pythons
  4 giant cockroaches
  13 hobgoblins
  5 jackals
  6 kobolds
  3 quokkas
  8 bats
  9 frilled lizards
  21 goblins
  2 leopard gecko zombies (D:7)
  A quokka skeleton (D:5)
  11 rats
206 creatures vanquished.

Vanquished Creatures (others)
  A quokka (D:4)
  A plant (D:4)
2 creatures vanquished.

Grand Total: 208 creatures vanquished

Notes
Turn   | Place    | Note
-------+----------+-------------------------------------------
     0 | D:1      | firekoala the Ghoul Fighter began the quest for the Orb.
     0 | D:1      | Reached XP level 1. HP: 19/19 MP: 0/0
   163 | D:1      | Reached XP level 2. HP: 23/26 MP: 1/1
   251 | D:1      | Reached skill level 3 in Unarmed Combat
   353 | D:1      | Found a glowing golden altar of the Shining One.
   947 | D:1      | Reached XP level 3. HP: 31/31 MP: 2/2
  1023 | D:2      | Reached skill level 4 in Unarmed Combat
  1396 | D:2      | Reached XP level 4. HP: 38/38 MP: 3/3
  1508 | D:2      | Noticed Natasha
  1515 | D:2      | Killed Natasha
  1516 | D:2      | Reached skill level 5 in Unarmed Combat
  1844 | D:2      | Found a basalt altar of Yredelemnul.
  1845 | D:2      | Found an ornate altar of the Wu Jian Council.
  2113 | D:3      | Reached XP level 5. HP: 32/45 MP: 4/4
  2217 | D:3      | Noticed Robin
  2248 | D:3      | Killed Robin
  2361 | D:3      | Reached skill level 6 in Unarmed Combat
  2775 | D:3      | Reached XP level 6. HP: 51/51 MP: 5/5
  2786 | D:3      | Reached skill level 7 in Unarmed Combat
  3285 | D:4      | Noticed a phantom
  3311 | D:3      | Killed a phantom
  3519 | D:4      | Reached skill level 8 in Unarmed Combat
  3522 | D:4      | Reached XP level 7. HP: 57/57 MP: 6/6
  3980 | D:4      | Found a blossoming altar of Fedhas.
  4086 | D:4      | Noticed Pikel
  4098 | D:4      | Killed Pikel
  4099 | D:4      | Reached skill level 10 in Unarmed Combat
  4099 | D:4      | Reached XP level 8. HP: 48/63 MP: 7/7
  4251 | D:4      | Found a white marble altar of Elyvilon.
  4663 | D:5      | Entered Level 5 of the Dungeon
  4806 | D:5      | Reached skill level 11 in Unarmed Combat
  5378 | D:6      | Found a shimmering altar of Xom.
  5458 | D:6      | Reached skill level 12 in Unarmed Combat
  5501 | D:5      | Reached XP level 9. HP: 44/70 MP: 8/8
  5849 | D:6      | Got a faintly glowing scale mail
  5859 | D:6      | Identified the +1 scale mail of Wobb {Str+4 Stlth+} (You
                  | found it on level 6 of the Dungeon)
  5920 | D:6      | Found a shadowy altar of Dithmenos.
  6218 | D:7      | Found a staircase to the Ecumenical Temple.
  6239 | Temple   | Entered the Ecumenical Temple
  6256 | Temple   | Became a worshipper of Ru the Awakened
  6278 | D:7      | Found a flagged portal.
  6311 | Bailey   | Entered a bailey
  6718 | D:7      | Reached skill level 5 in Fighting
  6791 | D:7      | Reached skill level 13 in Unarmed Combat
  7215 | D:7      | Found a shimmering blue altar of Sif Muna.
  7362 | D:7      | Found a snail-covered altar of Cheibriados.
  7476 | D:8      | Gained mutation: You cannot study or cast Fire magic. [Ru
                  | sacrifice]
  7476 | D:8      | Gained mutation: You cannot study or cast Transmutations
                  | magic. [Ru sacrifice]
  7476 | D:8      | Gained mutation: You cannot study or cast Conjurations
                  | magic. [Ru sacrifice]
  7476 | D:8      | Reached * piety under Ru
  7834 | D:8      | Reached XP level 10. HP: 81/83 MP: 9/9
  7869 | D:8      | Noticed Harold
  7871 | D:8      | Noticed a two-headed ogre
  8043 | D:8      | Killed Harold
  8044 | D:8      | Reached skill level 14 in Unarmed Combat
  8053 | D:8      | Noticed a two-headed ogre
  8065 | D:8      | Killed a two-headed ogre
  8072 | D:8      | Killed a two-headed ogre
  8305 | D:8      | Noticed a boulder beetle
  8315 | D:8      | Mangled by a boulder beetle

Illustrated notes

Levels and vault maps discovered:
D:1:      amcnicky_arrival_wind_blow, layout_loops_corners,
          hangedman_abyss_or_decor_lesser_grid, tso_metal_star
D:2:      layout_loops_ring, gammafunk_temple_overflow_pools, uniq_natasha
D:3:      layout_loops_cross, uniq_robin
D:4:      layout_loops_ring, fedhas_ov_isle_minmay, elyvilon_altar_4, uniq_pikel
D:5:      layout_rooms
D:6:      layout_rooms, kennysheep_little_box, nicolae_dithmenos_the_darkroom
D:7:      layout_cave_pools, slow_altar_2, temple_fountains, basic_altar,
          enter_bailey_5, kennysheep_nub
D:8:      layout_basic, hangedman_minor_gate_pass, uniq_psyche, uniq_harold
Temple:   lightli_temple_of_artemis

Skill      XL: |  1  2  3  4  5  6  7  8  9 10 |
---------------+-------------------------------+-----
Unarmed Combat | 3 4 5 6 8 10 12 13 14 | 14.9
Fighting       | 6 7 |  7.8
Armour         | |  2.6
Shields        | |  2.6

Action                   |  1- 3 |  4- 6 |  7- 9 | 10-12 || total
-------------------------+-------+-------+-------+-------++-------
Melee: Unarmed           |   125 |   227 |   335 |    31 ||   718
Invok: Sacrifice Arcana  |       |       |     1 |       ||     1
  Use: Potion            |       |       |     2 |     2 ||     4
       Scroll            |       |       |    10 |     2 ||    12
Armor: Scale mail        |    52 |   105 |   137 |     6 ||   300
Dodge: Dodged            |    24 |    75 |   105 |     3 ||   207
Block: Kite shield       |    56 |   102 |   210 |     8 ||   376
       Reflection        |       |       |     1 |       ||     1
